 Dungeon Crawl Stone Soup version 0.28-a0-1395-g4f6bc678fa (webtiles) character file.

Game seed: 8835183252200374062

153 eustatius the Stinger (level 5, -1/28 HPs)
             Began as a Tengu Venom Mage on Jan 4, 2022.
             Was a Priest of Lugonu.
             Slain by an orc priest (5 damage)
             ... on level 3 of the Dungeon.
             The game lasted 00:23:15 (3248 turns).

eustatius the Stinger (Tengu Venom Mage)            Turns: 3248, Time: 00:23:16

Health: -1/28      AC:  5    Str:  8    XL:     5   Next: 35%
Magic:  7/10       EV: 12    Int: 17    God:    Lugonu [***...]
Gold:   124        SH:  0    Dex: 15    Spells: 6/9 levels left

rFire   . . .      SeeInvis .   i - +0 dagger (vamp)
rCold   + . .      Faith    .   (no shield)
rNeg    . . .      Spirit   .   k - +0 ring mail {rPois}
rPois   +          Reflect  .   (helmet restricted)
rElec   .          Harm     .   (no cloak)
rCorr   .          Rampage  .   (no gloves)
Will    .....                   (boots unavailable)
Stlth   +.........              (no amulet)
HPRegen 0.09/turn               o - ring of protection from cold
MPRegen 0.12/turn               (no ring)

@: flying quickly and evasively, very slightly contaminated, quick
A: beak, talons 3, nimble flight
a: Renounce Religion, Depart the Abyss, Bend Space, Banish


You were on level 3 of the Dungeon.
You worshipped Lugonu.
Lugonu was most pleased with you.
You visited 1 branch of the dungeon, and saw 3 of its levels.

You collected 124 gold pieces.

Inventory:

Hand Weapons
 b - a +0 whip
 d - a +0 dagger
 i - a +0 vampiric dagger (weapon)
 j - a +0 short sword of draining
Missiles
 c - 49 stones
 f - 40 sling bullets
 q - 9 poisoned darts
Armour
 a - a +0 robe
 k - a +0 ring mail of poison resistance (worn)
Jewellery
 o - a ring of protection from cold (left hand)
Scrolls
 e - a scroll of noise {unknown}
 g - 4 scrolls of identify {unknown}
Potions
 h - a potion of might {unknown}
 l - 2 potions of magic {unknown}
 m - a potion of haste {unknown}
 n - a potion of flight {unknown}
 p - a potion of curing {unknown}


   Skills:
 + Level 0.4 Fighting
 + Level 0.8 Short Blades
 + Level 1.3 Armour
 + Level 2.6 Dodging
 + Level 2.4 Stealth
 + Level 2.9 Spellcasting
 + Level 1.9 Transmutations
 + Level 3.8 Poison Magic


You had 6 spell levels left.
You knew the following spells:

 Your Spells              Type           Power      Damage    Failure   Level
a - Sting                 Tmut/Pois      48%        1d5       16%         1
b - Poisonous Vapours     Pois/Air       16%        N/A       36%         2

Your spell library contained the following spells:

 Spells                   Type           Power      Damage    Failure   Level
 Mephitic Cloud           Conj/Pois/Air  6%         N/A       67%         3
 Olgreb's Toxic Radiance  Pois           15%        N/A       73%         4
 Gell's Gravitas          Tloc           2%         N/A       85%         3
 Lesser Beckoning         Tloc           2%         N/A       85%         3
 Teleport Other           Tloc           2%         N/A       85%         3


Dungeon Overview and Level Annotations

Branches:
Dungeon (3/15)

Altars:
Sif Muna
Lugonu

Shops:
D:1 ?


Innate Abilities, Weirdness & Mutations

You have a beak for a mouth.
You have claws for feet.
Your magical nature lets you fly swiftly and evasively.


Message History

Casting: Sting (safe; 16% risk of failure)
Confirm with . or Enter, or press ? or * to list all spells.
Aiming: Sting (safe; 16% risk of failure)
Press: ? - help, Shift-Dir - straight line, f - orc, p - orc priest
Aim: an orc, wielding a +0 mace (severely wounded, 71% to hit)
The sting hits the orc.
The orc is poisoned.
The orc is severely wounded.
The orc closely misses you.
You kill the orc!
Lugonu accepts your kill.
Found a book of the Hunter.
The orc priest hits you with a +0 morningstar!
The orc priest calls down the wrath of Beogh upon you.
You barely resist.
Casting: Sting (safe; 16% risk of failure)
Confirm with . or Enter, or press ? or * to list all spells.
Aiming: Sting (safe; 16% risk of failure)
Press: ? - help, Shift-Dir - straight line, f - orc priest
Aim: an orc priest, wielding a +0 morningstar, wearing a +0 leather armour and wearing a +4 ring of slaying (heavily wounded, poisoned, 71% to hit)
The sting misses the orc priest.
The orc priest looks more healthy.
The orc priest hits you with a +0 morningstar.
Okay, then.
You barely miss the orc priest.
The orc priest is severely wounded.
The orc priest barely misses you.
You hit the orc priest but do no damage.
The orc priest is severely wounded.
The orc priest hits you with a +0 morningstar!
* * * LOW HITPOINT WARNING * * *
Casting: Sting (safe; 16% risk of failure)
Confirm with . or Enter, or press ? or * to list all spells.
Aiming: Sting (safe; 16% risk of failure)
Press: ? - help, Shift-Dir - straight line, f/p - orc priest
Aim: an orc priest, wielding a +0 morningstar, wearing a +0 leather armour and wearing a +4 ring of slaying (severely wounded, 71% to hit)
You miscast Sting.
You are very lightly contaminated with residual magic.
Nothing appears to happen.
The orc priest hits you with a +0 morningstar.
You die...

#.#.###.#
..#.....#
######.###
#.# #)#
###.###
#.)...#
#.###)#
#@# #.#
#o###.#
#.....#
##...##
#...#
#...#
#...#
#...#
#...#


You could see an orc priest.

Vanquished Creatures
  A scorpion (D:2)
  4 adders (D:2)
  3 dart slugs
  2 orcs (D:3)
  6 endoplasms
  2 giant cockroaches (D:1)
  5 hobgoblins
  2 jackals (D:2)
  4 ball pythons
  3 bats
  3 frilled lizards (D:1)
  4 goblins (D:1)
  10 kobolds
  6 rats
55 creatures vanquished.

Notes
Turn   | Place    | Note
-------+----------+-------------------------------------------
     0 | D:1      | eustatius the Tengu Venom Mage began the quest for the Orb.
     0 | D:1      | Reached XP level 1. HP: 10/10 MP: 4/4
   241 | D:1      | Found a faded altar of an unknown god.
   253 | D:1      | Prayed at the altar of an unknown god.
   253 | D:1      | Became a worshipper of Lugonu the Unformed
   253 | D:1      | Reached * piety under Lugonu
   253 | D:1      | Reached ** piety under Lugonu
   286 | D:1      | Reached XP level 2. HP: 9/15 MP: 1/6
   418 | D:1      | Learned a level 2 spell: Poisonous Vapours
   503 | D:1      | Found Fuym Dil's Magic Scroll Shoppe.
   909 | D:1      | Reached skill level 1 in Transmutations
   961 | D:1      | Reached XP level 3. HP: 19/19 MP: 5/7
   993 | D:1      | Upgraded the game from 0.28-a0-1389-gc726bef33b to
                  | 0.28-a0-1395-g4f6bc678fa
  1926 | D:2      | Reached XP level 4. HP: 14/24 MP: 8/8
  2364 | D:2      | Reached *** piety under Lugonu
  2574 | D:2      | Noticed a scorpion
  2583 | D:2      | Killed a scorpion
  2584 | D:2      | Reached skill level 1 in Armour
  2584 | D:2      | Gained mutation: Your magical nature lets you fly swiftly
                  | and evasively. [Tengu growth]
  2584 | D:2      | Reached XP level 5. HP: 13/28 MP: 6/10
  2944 | D:2      | Found a shimmering blue altar of Sif Muna.
  3248 | D:3      | Slain by an orc priest

Illustrated notes

Levels and vault maps discovered:
D:1:      wander_arrival_abandoned_jail, layout_basic,
          hellmonk_ecumenical_altar_inner_sanctum, serial_shops, shop,
          minmay_pentomino_t4
D:2:      layout_loops_ring, serial_forest, infiniplex_forest_end_2,
          infiniplex_forest_clump_large, infiniplex_forest_lined_3_way,
          infiniplex_forest_lined_2, infiniplex_forest_end_1,
          infiniplex_forest_lined_ring, infiniplex_forest_straight_4,
          basic_altar
D:3:      layout_loops_cross, general_overflow_altar, minmay_joined_circles

Skill      XL: |  1  2  3  4 |
---------------+-------------+-----
Transmutations | 1 |  1.9
Armour         | 1 |  1.3
Fighting       | |  0.4
Short Blades   | |  0.8
Dodging        | |  2.6
Stealth        | |  2.4
Spellcasting   | |  2.9
Poison Magic   | |  3.8

Action                   |  1- 3 |  4- 6 || total
-------------------------+-------+-------++-------
Melee: Dagger            |    94 |    15 ||   109
       Kick              |    33 |     4 ||    37
       Peck              |    16 |     2 ||    18
 Cast: Sting             |    43 |    21 ||    64
       Poisonous Vapours |     1 |       ||     1
 Stab: Sleeping          |     4 |       ||     4
Armor: Robe              |     8 |       ||     8
       Ring mail         |    19 |     9 ||    28
Dodge: Dodged            |    46 |    20 ||    66

Table legend: (Time is in decaauts)
 A = Elapsed time spent in this place.
 B = Non-inter-level travel time spent in this place.
 C = Inter-level travel time spent in this place.
 D = Time resting spent in this place.
 E = Time spent auto-exploring this place.
 F = Levels seen in this place.
 G = Mean time per level.
                   A        B        C        D        E       F      G
               +--------+--------+--------+--------+--------+-----+--------+
         Total |   3207 |   2844 |    363 |    257 |   1470 |   3 | 1069.0 |
       Dungeon |   3207 |   2844 |    363 |    257 |   1470 |   3 | 1069.0 |
               +--------+--------+--------+--------+--------+-----+--------+

Top non-repeatable levels by time:
     D:2: 1613 daAuts
     D:1: 1559 daAuts
     D:3: 34 daAuts
